 Dungeon Crawl Stone Soup version 0.28.0 (webtiles) character file.

Game seed: 302461183798869539

343 willcat the Covert (level 6, -8/37 HPs)
             Began as a Kobold Delver on Feb 5, 2022.
             Mangled by an iguana (13 damage)
             ... on level 5 of the Dungeon.
             The game lasted 00:01:36 (758 turns).

willcat the Covert (Kobold Delver)                   Turns: 758, Time: 00:01:37

Health: -8/37      AC:  3    Str:  9    XL:     6   Next: 88%
Magic:  6/6        EV: 16    Int: 13    God:
Gold:   13         SH:  0    Dex: 17    Spells: 5/5 levels left

rFire   . . .      SeeInvis .   a - +0 short sword
rCold   . . .      Faith    .   (no shield)
rNeg    . . .      Spirit   .   b - +0 leather armour
rPois   .          Reflect  .   (no helmet)
rElec   .          Harm     .   (no cloak)
rCorr   .          Rampage  .   (no gloves)
Will    .....                   (no boots)
Stlth   +++++.....              (no amulet)
HPRegen 0.12/turn               (no ring)
MPRegen 0.10/turn               (no ring)

@: no status effects
A: small, no large weapons, nightstalker 3
a: no special abilities


You were on level 5 of the Dungeon.
You visited 1 branch of the dungeon, and saw 2 of its levels.

You collected 13 gold pieces.

Inventory:

Hand Weapons
 a - a +0 short sword (weapon)
Armour
 b - a +0 leather armour (worn)
Wands
 g - a wand of digging (2)
Scrolls
 c - a scroll of fog
 d - a scroll of magic mapping
 e - a scroll of fear
Potions
 f - a potion of haste


   Skills:
 - Level 3.2 Fighting
 + Level 5.1 Short Blades
 + Level 4.6 Dodging
 + Level 8.2 Stealth
 + Level 3.1 Evocations


You had 5 spell levels left.
You didn't know any spells.
Your spell library was empty.

Dungeon Overview and Level Annotations

Branches:
Dungeon (5/15)
 Temple: D:4-7

Altars:


Innate Abilities, Weirdness & Mutations

You are small and have problems with some larger weapons.
You are completely attuned to the shadows.


Message History

You start resting.
A gnoll shaman comes into view. It is wielding a +0 whip.
Okay, then.
The gnoll shaman shouts!
You hear an angry hiss.
Aiming: Iceblast
Press: ? - help, Shift-Dir - straight line, f - gnoll shaman
Aim: a gnoll shaman, wielding a +0 whip and wearing a +0 leather armour The mass of ice explodes!
The iceblast engulfs the gnoll shaman!
The gnoll shaman is almost dead.
Unknown command.
Unknown command.
The gnoll shaman hits you with a +0 whip!
* * * LOW HITPOINT WARNING * * *
Items here: ( )))) [ †.
You hit the gnoll shaman.
You kill the gnoll shaman!
Items here: ! $ ) [.
Items here: ( )))) [ †.
Aiming: Iceblast
Press: ? - help, Shift-Dir - straight line, f - iguana
Aim: an iguana The mass of ice explodes!
The iceblast engulfs the iguana.
The iguana is moderately wounded.
The now-empty wand crumbles to dust.
Unknown command.
Unknown command.
Unknown command.
You hit the iguana.
The iguana is heavily wounded.
You hit the iguana.
The iguana is severely wounded.
The iguana closely misses you.
You closely miss the iguana.
The iguana is severely wounded.
The iguana bites you!
* * * LOW HITPOINT WARNING * * *
You hit the iguana.
The iguana is almost dead.
The iguana bites you!
You die...

#...###.#
###Z....##.
##n#....o
#.....#
###.#.#
##)...#
##)###...
##l## ..#
#@## .. ###


You could see an iguana.

Vanquished Creatures
  A sky beast (D:5)
  A necrophage (D:5)
  A bullfrog zombie (D:5)
  An orc priest (D:5)
  A bullfrog skeleton (D:5)
  A gnoll shaman (D:5)
  Ijyb (D:5)
  An adder (D:5)
  6 orcs (D:5)
14 creatures vanquished.

Notes
Turn   | Place    | Note
-------+----------+-------------------------------------------
     0 | D:5      | willcat the Kobold Delver began the quest for the Orb.
     0 | D:5      | Reached XP level 1. HP: 14/14 MP: 1/1
    14 | D:5      | Noticed Ijyb
    29 | D:5      | Killed Ijyb
    30 | D:5      | Reached skill level 7 in Stealth
    30 | D:5      | Reached XP level 2. HP: 1/19 MP: 2/2
    30 | D:5      | Reached XP level 3. HP: 1/23 MP: 3/3
   156 | D:4      | Noticed a killer bee
   156 | D:4      | Noticed a killer bee
   156 | D:4      | Noticed a killer bee
   156 | D:4      | Noticed a killer bee
   244 | D:5      | Noticed a sky beast
   247 | D:5      | Killed a sky beast
   248 | D:5      | Reached skill level 1 in Evocations
   248 | D:5      | Reached XP level 4. HP: 20/28 MP: 4/4
   248 | D:5      | Reached XP level 5. HP: 23/32 MP: 5/5
   533 | D:5      | Noticed a necrophage
   570 | D:5      | Reached XP level 6. HP: 35/37 MP: 6/6
   587 | D:5      | Killed a necrophage
   588 | D:5      | Reached skill level 8 in Stealth
   620 | D:5      | Reached skill level 5 in Short Blades
   758 | D:5      | Mangled by an iguana

Illustrated notes

Levels and vault maps discovered:
D:4:      layout_cave_pools
D:5:      layout_cave_pools, eat_drink_and_be_merry_uskayaw, serial_shops, shop,
          minmay_fractal_squares_5, uniq_crazy_yiuf_cottage, uniq_ijyb

Skill      XL: |  1  2  3  4  5  6 |
---------------+-------------------+-----
Short Blades   | 3 4 5 |  5.1
Dodging        | 3 4 |  4.6
Stealth        | 7 8 |  8.2
Evocations     | 1 2 3 |  3.1
Fighting       | |  3.2

Action                   |  1- 3 |  4- 6 || total
-------------------------+-------+-------++-------
Melee: Short sword       |    12 |    89 ||   101
       Punch             |       |     1 ||     1
Evoke: Wand              |     3 |     5 ||     8
  Use: Scroll            |       |     1 ||     1
       Potion            |       |     1 ||     1
 Stab: Sleeping          |     1 |       ||     1
Armor: Leather armour    |     2 |    10 ||    12
Dodge: Dodged            |     1 |    51 ||    52
